 Dungeon Crawl Stone Soup version 0.26-a0-651-gb41185065b (webtiles) character file.

Game seed: 9110647363263694984

220 Irenicus the Geomancer (level 5, -3/42 HPs)
             Began as a Deep Dwarf Earth Elementalist on Oct 18, 2020.
             Shot with an arrow by a centaur (8 damage)
             ... on level 3 of the Dungeon.
             The game lasted 00:08:20 (1269 turns).

Irenicus the Geomancer (DDEE)                       Turns: 1269, Time: 00:08:21

Health: -3/42      AC:  8    Str: 11    XL:     5   Next: 64%
Magic:  7/7        EV: 11    Int: 17    God:
Gold:   143        SH:  0    Dex: 13    Spells: 4/7 levels left

rFire    . . .     SeeInvis .   i - +3 quarterstaff (chaos)
rCold    . . .     Faith    .   (shield currently unavailable)
rNeg     . . .     Spirit   .   f - +0 ring mail
rPois    .         Reflect  .   h - +0 helmet
rElec    .         Harm     .   j - +1 cloak
rCorr    .         Rampage  .   (no gloves)
MR       +....                  (no boots)
Stlth    +.........             (no amulet)
HPRegen  0.00/turn              e - ring of protection from magic {MR+, !d}
MPRegen  0.10/turn              (no ring)

@: non-regenerating
A: damage resistance, heal wounds, sense surroundings 1, no regeneration
a: Heal Wounds


You were on level 3 of the Dungeon.
You visited 1 branch of the dungeon, and saw 3 of its levels.

You collected 143 gold pieces.

Inventory:

Hand Weapons
 a - a +0 whip of freezing
   (You found it on level 1 of the Dungeon)
 i - a +3 quarterstaff of chaos (weapon)
   (You took it off Crazy Yiuf on level 2 of the Dungeon)
Missiles
 b - 22 stones (quivered)
Armour
 f - a +0 ring mail (worn)
   (You found it on level 1 of the Dungeon)
 h - a +0 helmet (worn)
   (You found it on level 3 of the Dungeon)
 j - a +1 cloak (worn)
   (You took it off Crazy Yiuf on level 2 of the Dungeon)
Jewellery
 e - a ring of protection from magic (left hand) {MR+, !d}
   (You found it on level 2 of the Dungeon)
Scrolls
 c - 5 scrolls of identify {unknown}
 d - a scroll of enchant armour
 g - a scroll of blinking {!r}
Potions
 k - 2 potions of curing {unknown}


   Skills:
 - Level 2.1 Dodging
 - Level 2.4 Stealth
 - Level 1.7 Spellcasting
 - Level 0.8 Transmutations
 + Level 8.5 Earth Magic


You had 4 spell levels left.
You knew the following spells:

 Your Spells              Type           Power        Failure   Level
a - Sandblast             Erth           ####..       1%          1
w - Passwall              Tmut/Erth      ###.....     11%         2

Your spell library contained the following spells:

 Spells                   Type           Power        Failure   Level
 Stone Arrow              Conj/Erth      ###...       26%         3
 Petrify                  Tmut/Erth      ###.....     56%         4
 Lee's Rapid Deconstruct  Erth           ####......   38%         5


Dungeon Overview and Level Annotations

Branches:
Dungeon (3/15)

Altars:
Dithmenos
Elyvilon
Xom


Innate Abilities, Weirdness & Mutations

You are resistant to damage.
You can heal yourself by infusing magical energy.
You passively map a small area around you.
You do not regenerate.


Message History

The bat closely misses you.
You barely miss the bat. The bat hits you but does no damage.
You sock the ooze!
The ooze is severely wounded.
The ooze hits you but does no damage.
You hit the ooze. You burn the ooze.
You kill the ooze!
You closely miss the bat. The bat barely misses you.
You are too injured to fight recklessly!
Your ring mail prevents you from hitting the bat.
The bat hits you but does no damage. The bat barely misses you.
You sock the bat!
You kill the bat!
As you read the scroll labeled BAEMOGUUME, it crumbles to dust.
It is a scroll of enchant armour.
Your +0 cloak glows green for a moment.
Press: ? - help, Dir - move target cursor
As you read the scroll labeled TAOZ IWIREX, it crumbles to dust.
It was a scroll of blinking.
A kobold comes into view. It is wielding a +0 whip.
The kobold shouts!
The kobold throws a stone.
The stone hits you but does no damage.
b - 3 stones (gained 1)
A kobold comes into view. It is wielding a +0 club.
The kobold shouts!
Casting: Sandblast (safe; 1% risk of failure)
Confirm with . or Enter, or press ? or * to list all spells.
Aiming: Sandblast (safe; 1% risk of failure)
Press: ? - help, Shift-Dir - straight line, f - adder
Aim: an adder The blast of sand misses the adder.
b - 2 stones The adder barely misses you.
You now have 5/7 mp.
Casting: Sandblast (safe; 1% risk of failure)
Confirm with . or Enter, or press ? or * to list all spells.
Aiming: Sandblast (safe; 1% risk of failure)
Press: ? - help, Shift-Dir - straight line, f/p - adder
Aim: an adder The blast of sand hits the adder!
You kill the adder!
b - a stone Your ring mail prevents you from hitting the kobold.
The kobold hits you with a +0 whip.
A rat comes into view.
The kobold hits you but does no damage.
You miss the kobold. The kobold hits you but does no damage.
You sock the rat! You freeze the rat.
You kill the rat!
The kobold hits you with a +0 whip. The kobold hits you with a +0 club.
* * * LOW HITPOINT WARNING * * *
You take 1 damage, and have 5/42 hp.
You barely miss the kobold. The kobold barely misses you.
The kobold misses you. The kobold hits you but does no damage.
You closely miss the kobold. The kobold hits you but does no damage.
The kobold closely misses you.
You sock the kobold!
You kill the kobold!
The kobold barely misses you.
You barely miss the kobold. The kobold completely misses you.
You sock the kobold!
You kill the kobold!
The rat barely misses you. The rat bites you but does no damage.
Items here: $ ) [ ††.
You barely miss the rat. The rat bites you but does no damage.
You closely miss the rat. The rat barely misses you.
You sock the rat! Lightning courses through the rat!
You kill the rat!
You now have 136 gold pieces (gained 17).
MP restored: 7 A bat comes into view.
You closely miss the bat. The bat hits you but does no damage. x2
The bat closely misses you. The bat closely misses you.
The bat hits you but does no damage. The bat hits you but does no damage.
The bat hits you but does no damage. The bat hits you but does no damage.
The bat hits you. The bat hits you but does no damage.
Casting: Sandblast (safe; 1% risk of failure)
Confirm with . or Enter, or press ? or * to list all spells.
Aiming: Sandblast (safe; 1% risk of failure)
Press: ? - help, Shift-Dir - straight line, f - bat
Aim: a bat The blast of sand hits the bat!
You kill the bat!
You now have no stones remaining.
You now have 6/7 mp.
b - 22 stones MP restored: 7
k - 2 bubbling pink potions
Found 13 poisoned darts and 7 gold pieces.
Found a shimmering altar of Xom.
You now have 143 gold pieces (gained 7).
A centaur comes into view.
The centaur wields a +0 shortbow.
The centaur shoots an arrow.
The arrow hits you!
You die...

#########......##
* , #(......# *
#.......#
##.^^...# *
#.^_^..#
#.^^^..##
#.......#
#.##.##.# #...@#
.# ####.#* * #.#
,* #.# * #c# ,
..# *.## . ,


You could see a centaur.

Vanquished Creatures
  Crazy Yiuf (D:2)
  An orc wizard (D:3)
  Jessica (D:2)
  A worker ant (D:3)
  A gnoll (D:1)
  2 adders (D:3)
  An ooze (D:3)
  3 worms (D:2)
  2 dart slugs
  3 leopard geckos (D:1)
  4 orcs
  5 bats
  4 giant cockroaches
  6 hobgoblins
  A quokka (D:2)
  4 frilled lizards
  7 goblins
  9 kobolds
  8 rats
64 creatures vanquished.

Notes
Turn   | Place    | Note
-------+----------+-------------------------------------------
     0 | D:1      | Irenicus the Deep Dwarf Earth Elementalist began the quest
                  | for the Orb.
     0 | D:1      | Reached XP level 1. HP: 15/15 MP: 3/3
   103 | D:1      | Reached XP level 2. HP: 5/22 MP: 2/4
   161 | D:1      | Reached skill level 5 in Earth Magic
   253 | D:1      | Learned a level 2 spell: Passwall
   265 | D:1      | HP: 4/22 [rat (1)]
   440 | D:1      | Reached XP level 3. HP: 28/28 MP: 0/5
   541 | D:2      | Reached skill level 6 in Earth Magic
   725 | D:2      | Noticed Jessica
   729 | D:2      | Killed Jessica
   729 | D:2      | Reached XP level 4. HP: 23/36 MP: 1/6
   860 | D:2      | Found a runed translucent door.
   861 | D:2      | Noticed Crazy Yiuf
   866 | D:2      | Killed Crazy Yiuf
   866 | D:2      | Reached skill level 7 in Earth Magic
  1056 | D:3      | Found a white marble altar of Elyvilon.
  1066 | D:3      | HP: 6/36 [orc wizard/puff of flame (5)]
  1075 | D:3      | Reached XP level 5. HP: 6/42 MP: 1/7
  1140 | D:3      | Reached skill level 8 in Earth Magic
  1158 | D:3      | Found a shadowy altar of Dithmenos.
  1190 | D:3      | HP: 5/42 [kobold/+0 club (1)]
  1256 | D:3      | Found a shimmering altar of Xom.
  1267 | D:3      | Noticed a centaur
  1269 | D:3      | Shot with an arrow by a centaur

Illustrated notes

Levels and vault maps discovered:
D:1:      ncdulo_watergridlock, layout_basic
D:2:      layout_basic, uniq_crazy_yiuf_cottage, uniq_jessica
D:3:      layout_rooms, xom_teletrap_fun, nicolae_overflow_crystal_walls,
          nicolae_dithmenos_shadow_blocks

Skill      XL: |  1  2  3  4  5 |
---------------+----------------+-----
Earth Magic    | 5 6 7 8 |  8.5
Dodging        | |  2.1
Stealth        | |  2.4
Spellcasting   | |  1.7
Transmutations | |  0.8

Action                   |  1- 3 |  4- 6 || total
-------------------------+-------+-------++-------
Melee: Whip              |    30 |     4 ||    34
       Quarterstaff      |       |    32 ||    32
 Cast: Sandblast         |    35 |    35 ||    70
       Passwall          |     7 |     1 ||     8
  Use: Potion            |     1 |     1 ||     2
       Scroll            |     1 |     3 ||     4
Armor: Robe              |     3 |       ||     3
       Ring mail         |     7 |    29 ||    36
Dodge: Dodged            |    28 |    34 ||    62

Table legend: (Time is in decaauts)
 A = Elapsed time spent in this place.
 B = Non-inter-level travel time spent in this place.
 C = Inter-level travel time spent in this place.
 D = Time resting spent in this place.
 E = Time spent auto-exploring this place.
 F = Levels seen in this place.
 G = Mean time per level.
                   A        B        C        D        E       F      G
               +--------+--------+--------+--------+--------+-----+--------+
         Total |   1282 |   1282 |      0 |      0 |      0 |   3 |  427.3 |
       Dungeon |   1282 |   1282 |      0 |      0 |      0 |   3 |  427.3 |
               +--------+--------+--------+--------+--------+-----+--------+

Top non-repeatable levels by time:
     D:2: 551 daAuts
     D:1: 501 daAuts
     D:3: 229 daAuts

Table legend:
 A = Kills in this place as a percentage of kills in entire the game.
 B = Kills by you in this place as a percentage of kills by you in the entire game.
 C = Kills by friends in this place as a percentage of kills by friends in the entire game.
 D = Other kills in this place as a percentage of other kills in the entire game.
 E = Experience gained in this place as a percentage of experience gained in the entire game.
 F = Experience gained in this place divided by the number of levels of this place that you have seen.
                   A       B       C       D       E      F
               +-------+-------+-------+-------+-------+----------------------
         Total | 100.0 | 100.0 |   N/A |   N/A | 100.0 | 105.0
       Dungeon | 100.0 | 100.0 |   N/A |   N/A | 100.0 | 105.0
               +-------+-------+-------+-------+-------+----------------------
